 Dungeon Crawl Stone Soup version 0.19.4-8-ga85b6b9 (console) character file.

125618 Grinner the Brawler (level 16, -2/225 HPs)
             Began as a Troll Transmuter on Feb 10, 2017.
             Was the Champion of Okawaru.
             Slain by a tentacled monstrosity (5 damage)
             ... on level 4 of the Swamp on Feb 11, 2017.
             The game lasted 02:28:03 (27655 turns).

Grinner the Brawler (Troll Transmuter)             Turns: 27655, Time: 02:28:03

Health: -2/225     AC: 28    Str: 22    XL:     16   Next: 41%
Magic:  26/26      EV: -2    Int: 13    God:    Okawaru [******]
Gold:   1476       SH:  4    Dex: 13    Spells: 7 memorised, 6 levels left

rFire  + . .     SeeInvis .       - Unarmed
rCold  . . .     Gourm    +     (armour currently unavailable)
rNeg   + + +     Faith    .     (no shield)
rPois  +         Spirit   .     (helmet currently unavailable)
rElec  .         Reflect  +     (cloak currently unavailable)
rCorr  .         Harm     .     (gloves unavailable)
MR     +....     Rnd*Rage +     (boots unavailable)
Stlth  +......... NoTele   +    G - +4 amulet of reflection
                                U - ring "Dusuirph" {Fire *Drain rPois rN+ Dex+2}
                                h - ring of protection from cold

@: liquid flames, tree-form, heroism, glowing, constricted
A: unfitting armour, (claws 0), (hooves 0), (large bone plates 0), rugged brown
scales 1, berserk 1, (deformed body), (fire resistance 0), fast metabolism 3,
gourmand, high mp 1, regeneration 1, screaming 1, (shaggy fur 0), (tough skin
0), subdued magic 2, MP-powered wands
a: Heroism, Finesse, Renounce Religion


You were on level 4 of the Swamp.
You worshipped Okawaru.
Okawaru was exalted by your worship.
You were full.
You were a tree.
You visited 8 branches of the dungeon, and saw 30 of its levels.

You collected 2556 gold pieces.
You spent 1080 gold pieces at shops.

Inventory:

Missiles
 y - 55 arrows
 W - 4 large rocks (quivered)
Armour
 u - a +2 hat of magic resistance (melded)
 B - the +2 cloak of the Thief (melded) {+Fog Slay-2 SInv Stlth+}
   (You found it on level 5 of the Dungeon)

   It affects your accuracy and damage with ranged weapons and melee attacks
   (-2).
   It lets you see invisible.
   It can be evoked to emit clouds of fog.
   It makes you more stealthy.
 F - a +2 robe of the Archmagi (melded)
 H - a +1 robe of positive energy
Jewellery
 h - a ring of protection from cold (left branch)
 m - a +5 ring of intelligence
 G - a +4 amulet of reflection (around neck)
 M - an uncursed amulet of magic regeneration
 U - the ring "Dusuirph" (right branch) {Fire *Drain rPois rN+ Dex+2}
   (You found it on level 2 of the Lair of Beasts)

   [ring of fire]

   It enhances your fire magic.
   It affects your dexterity (+2).
   It protects you from fire.
   It makes you vulnerable to cold.
   It protects you from poison.
   It protects you from negative energy.
   It causes draining when unequipped.
Wands
 b - a wand of enslavement (7/24)
 e - a wand of confusion (17/48)
 n - a wand of flame (21/48)
 r - a wand of confusion (22/48)
 s - a wand of random effects (10/48)
 v - a wand of confusion (11/48)
 E - a wand of iceblast (0/15)
 I - a wand of slowing (28/48)
 P - a wand of paralysis (16/24)
 Q - a wand of paralysis (5/24)
 T - a wand of flame (26/48)
 V - a wand of iceblast (5/15)
Scrolls
 g - 2 scrolls of enchant weapon
 i - 3 scrolls of teleportation
 t - 8 scrolls of remove curse
 A - 2 scrolls of identify
 K - 2 scrolls of fog
 L - a scroll of enchant armour
 O - 3 scrolls of amnesia
 R - a scroll of recharging
 S - a scroll of holy word
Potions
 c - 2 potions of cancellation
 j - 7 potions of brilliance
 l - 2 potions of curing
 p - 2 potions of might
 q - 5 potions of flight
 w - a potion of haste
 z - 2 potions of ambrosia
 C - 3 potions of resistance
 D - 3 potions of agility
 Y - 4 potions of cure mutation
Miscellaneous
 a - a lamp of fire
Comestibles
 d - 18 bread rations
 f - 14 meat rations
 k - 44 fruits
 x - 6 beef jerkies
 J - a slice of pizza


   Skills:
 + Level 6.3(11.3) Fighting
 - Level 3.3(8.3) Throwing
 - Level 11.1(16.1) Dodging
 * Level 18.2(23.2) Unarmed Combat
 + Level 5.7 Spellcasting
 + Level 2.9 Hexes
 - Level 1.0 Translocations
 - Level 9.1 Transmutations
 - Level 1.0 Ice Magic
 - Level 4.7 Earth Magic
 + Level 4.2 Invocations


You had 6 spell levels left.
You knew the following spells:

 Your Spells              Type           Power        Failure   Level  Hunger
a - Ice Form              Ice/Tmut       ##......     14%         4    ####...
b - Blink                 Tloc           N/A          14%         2    ##.....
c - Confusing Touch       Hex            #.....       4%          1    None
f - Petrify               Tmut/Erth      ##......     8%          4    ####...
s - Spider Form           Tmut/Pois      #.........   8%          3    ###....
x - Blade Hands           Tmut           ###.......   8%          5    ######.
z - Beastly Appendage     Tmut           ###...       1%          1    None


Dungeon Overview and Level Annotations

Branches:
Dungeon (13/15)            Temple (1/1) D:7            Lair (6/6) D:9
  Swamp (4/4) Lair:2       Spider (1/4) Lair:3        Slime (2/5) Lair:6
    Orc (2/2) D:12            Elf (1/3) Orc:2        Vaults (0/5) D:13

Altars:
Ashenzari
Dithmenos
Gozag
Hepliaklqana
Kikubaaqudgha
Makhleb
Nemelex Xobeh
Okawaru
Qazlal
Ru
Sif Muna
Trog
Uskayaw
Xom
Yredelemnul
Zin

Shops:
D:4 =   D:8 *   Orc:2 !((:*   Elf:1 (

Portals:
Trove: D:10 (give +3 shadow dragon scales)

Annotations:
D:7 1 runed door


Innate Abilities, Weirdness & Mutations

You are too large for most types of armour.
((You have claws for hands.))
Your metabolism is lightning-fast.
You like to eat raw meat.
Your natural rate of healing is unusually fast.
((You are covered in fur. (AC +1)))
((You have very tough skin. (AC +2)))
((You have large cloven feet.))
((You are partially covered in large bone plates. (SH +4)))
(You are partially covered in rugged brown scales. (AC +1, +3% HP))
You tend to lose your temper in combat.
((Armour fits poorly on your strangely shaped body.))
((Your flesh is heat resistant. (rF+)))
You have an increased reservoir of magic. (+10% MP)
You occasionally shout uncontrollably at your foes.
Your spells are easier to cast, but less powerful.
You expend magic power (3 MP) to strengthen your wands.


Message History

The bolt of poison hits you! You resist.
* * * LOW HITPOINT WARNING * * *
As you read the scroll of fear, it crumbles to dust.
You assume a fearsome visage.
The four-headed hydra looks frightened!
The tentacled monstrosity is unaffected.
The red ugly thing looks frightened!
The bog body is unaffected.
The orange demon is unaffected.
The red very ugly thing looks frightened!
The green death is unaffected.
The red very ugly thing resists with some effort.
The white ugly thing looks frightened!
The green death is unaffected.
The red ugly thing looks frightened!
The cyan ugly thing looks frightened!
The swamp dragon looks frightened!
You are covered in liquid flames!
* * * LOW HITPOINT WARNING * * *
The white ugly thing moves out of view.
The tentacled monstrosity completely misses you.
The tentacled monstrosity tentacle-slaps you but does no damage.
The tentacled monstrosity tentacle-slaps you.
You die...

≈ ≈♣# ≈♣.
.≈♣ #≈≈#
≈.♣ #≈≈#
.≈# .≈≈##
≈.♣ ≈≈. .§#
#≈#X♣≈.♣
#nD♣♣
.≈≈u≈2u≈≈.#
#D≈≈≈##≈≈.#
≈#≈u #≈.≈♣
#4J #≈u2#
≈♣ #≈u≈#
#≈≈.# u≈≈.♣


You could see a tentacled monstrosity, 2 very ugly things, a four-headed hydra
(fleeing), 2 green deaths, a swamp dragon (fleeing), 4 ugly things, a slime
creature, an orange demon and a bog body.

Vanquished Creatures
  Gastronok (D:9)
  Donald (Swamp:1)
  A thorn hunter (Swamp:3)
  An orc warlord (Orc:2)
  The ghost of cheese the Severer, a journeyman HOMo of the Shining One (Orc:1)
  4 vault guards (D:13)
  Erolcha (D:9)
  10 hydras
  Erica (D:10)
  A centaur warrior (D:13)
  9 alligators
  The ghost of blobert the Grappler, a novice TrMo of Okawaru (D:8)
  An orc high priest (Orc:2)
  4 death yaks (Lair:5)
  A tengu warrior (D:13)
  Urug (Lair:5)
  The ghost of araganzar the Destroyer, a journeyman DsSu of Vehumet (D:10)
  Nergalle (D:11)
  7 spriggans
  A deep elf knight (Elf:1)
  8 swamp dragons
  A shambling mangrove (Swamp:1)
  Pikel (D:8)
  2 deep elf archers (Elf:1)
  An orc knight (Orc:2)
  5 hill giants
  An oklob plant (Lair:5)
  6 orc sorcerers (Orc:2)
  2 deep elf magi (Elf:1)
  5 ugly things
  A manticore (D:13)
  3 black mambas
  7 elephants
  3 centaur zombies (D:10)
  29 spiny frogs
  2 orange demons (Swamp:4)
  A gargoyle (D:12)
  2 kobold demonologists (D:13)
  3 rime drakes
  17 komodo dragons
  A tengu conjurer (D:13)
  3 trolls
  2 two-headed ogres
  9 tyrant leeches
  12 slime creatures
  8 bog bodies
  10 hornets
  Prince Ribbit (D:7)
  2 hippogriffs
  17 blink frogs
  A meliai zombie (D:12)
  4 shadows
  A wraith (D:13)
  A wyvern (D:13)
  23 yaks
  2 fire elementals (Elf:1)
  4 basilisks
  A steam dragon (D:11)
  Grum (D:11)
  19 vampire mosquitoes
  2 wargs (Orc:2)
  A mottled dragon (D:11)
  21 insubstantial wisps
  17 swamp worms
  8 water moccasins
  15 porcupines
  A slave (D:8)
  8 swamp drakes
  27 orc warriors
  3 sky beasts
  3 phantoms
  A black bear (D:11)
  5 ice beasts
  13 ogres
  2 wolves (D:11)
  4 centaurs
  17 crocodiles
  3 big kobolds
  33 bullfrogs
  A gnoll sergeant (D:9)
  An earth elemental (Elf:1)
  4 scorpions
  22 killer bees
  10 wights
  6 electric eels (Lair:6)
  2 howler monkeys (D:10)
  3 crimson imps
  2 bullfrog zombies
  6 hounds
  25 orc priests
  5 centaur skeletons
  A quasit (D:10)
  4 bullfrog skeletons
  2 jellies
  36 orc wizards
  6 iguanas
  Ijyb (D:2)
  10 worker ants
  A killer bee zombie (D:5)
  A hound zombie (D:6)
  A hound skeleton (D:5)
  11 gnolls
  A howler monkey skeleton (D:5)
  10 adders
  A shadow imp (D:7)
  4 adder skeletons
  2 worms (D:2)
  3 dart slugs
  8 leopard geckos
  90 orcs
  10 giant cockroaches
  9 goblins
  4 hobgoblins
  14 jackals
  17 kobolds
  A quokka (D:3)
  2 ball pythons
  10 bats
  3 frilled lizards
  A jackal skeleton (D:9)
  5 rats
  A butterfly (D:7)
  A fungus (Lair:5)
813 creatures vanquished.

Vanquished Creatures (others)
  A wyvern (D:8)
  4 porcupines (Lair:2)
  2 slaves (D:8)
  A crimson imp (D:8)
  An orc (D:13)
  A kobold (D:10)
  2 bushes (Lair:6)
  9 fungi
  32 plants
53 creatures vanquished.

Grand Total: 866 creatures vanquished

Notes
Turn   | Place    | Note
-------+----------+-------------------------------------------
     0 | D:1      | Grinner the Troll Transmuter began the quest for the Orb.
     0 | D:1      | Reached XP level 1. HP: 18/18 MP: 1/1
   111 | D:1      | Reached XP level 2. HP: 26/26 MP: 3/3
   572 | D:2      | Reached XP level 3. HP: 29/32 MP: 4/4
   604 | D:2      | Learned a level 3 spell: Spider Form
   647 | D:2      | Found a shadowy altar of Dithmenos.
   734 | D:2      | Reached XP level 4. HP: 25/40 MP: 5/5
   778 | D:2      | Reached skill level 4 in Unarmed Combat
   946 | D:2      | Noticed Ijyb
   959 | D:2      | Killed Ijyb
  1543 | D:3      | Reached XP level 5. HP: 38/46 MP: 4/6
  1800 | D:3      | Reached XP level 6. HP: 53/54 MP: 7/7
  1860 | D:3      | Reached skill level 5 in Unarmed Combat
  2617 | D:4      | Found Xegorghi's Jewellery Emporium.
  2645 | D:4      | Reached XP level 7. HP: 37/61 MP: 9/9
  2759 | D:4      | Reached skill level 6 in Unarmed Combat
  3192 | D:4      | Learned a level 2 spell: Blink
  3306 | D:5      | Entered Level 5 of the Dungeon
  3513 | D:5      | Found a hazy altar of Hepliaklqana.
  3513 | D:5      | Found a bloodstained altar of Trog.
  3513 | D:5      | Found a shattered altar of Ashenzari.
  3606 | D:5      | Found a stormy altar of Qazlal.
  3695 | D:6      | Reached skill level 7 in Unarmed Combat
  3715 | D:6      | Reached XP level 8. HP: 46/68 MP: 10/10
  4385 | D:6      | Found an opulent altar of Gozag.
  4411 | D:6      | Gained mutation: You are robust. (+10% HP) [potion of mutation]
  4411 | D:6      | Gained mutation: Armour fits poorly on your strangely shaped body. [potion of mutation]
  4411 | D:6      | Gained mutation: You have large cloven feet. [potion of mutation]
  4534 | D:6      | Found a glowing silver altar of Zin.
  4602 | D:7      | Reached skill level 8 in Unarmed Combat
  4605 | D:7      | Noticed Prince Ribbit
  4627 | D:7      | Killed Prince Ribbit
  4860 | D:7      | Noticed a hill giant
  4881 | D:7      | Killed a hill giant
  4881 | D:7      | Reached skill level 5 in Dodging
  4881 | D:7      | Reached skill level 9 in Unarmed Combat
  4881 | D:7      | Reached XP level 9. HP: 56/82 MP: 11/11
  5211 | D:7      | Found an opulent altar of Gozag.
  5212 | D:7      | Found a sparkling altar of Nemelex Xobeh.
  5405 | D:7      | Found a staircase to the Ecumenical Temple.
  5412 | Temple   | Entered the Ecumenical Temple
  5505 | Temple   | Became a worshipper of Warmaster Okawaru
  5777 | D:7      | Found a runed door.
  5787 | D:7      | Reached skill level 5 in Transmutations
  5792 | D:7      | Gained mutation: Your flesh is heat resistant. (rF+) [mutagenic meat]
  5793 | D:7      | Gained mutation: You are partially covered in large bone plates. (SH +4) [mutagenic meat]
  5794 | D:7      | Gained mutation: You tend to lose your temper in combat. [mutagenic meat]
  5796 | D:7      | Lost mutation: You are robust. (+10% HP) [mutagenic meat]
  5797 | D:7      | Found a runed door.
  5944 | D:4      | Bought a +4 amulet of reflection for 275 gold pieces
  5944 | D:4      | Bought an uncursed ring of poison resistance for 220 gold pieces
  6184 | D:8      | Found Vatwadosch's Assorted Antiques.
  6288 | D:8      | Noticed Pikel
  6311 | D:8      | Killed Pikel
  6311 | D:8      | Reached * piety under Okawaru
  6311 | D:8      | Reached skill level 10 in Unarmed Combat
  6377 | D:8      | Found a basalt altar of Yredelemnul.
  6429 | D:8      | Noticed blobert's ghost (novice TrMo)
  6445 | D:8      | Killed blobert's ghost
  6445 | D:8      | Reached ** piety under Okawaru
  6445 | D:8      | Reached XP level 10. HP: 73/83 MP: 12/12
  6689 | D:8      | Found a burning altar of Makhleb.
  6908 | D:8      | Bought a scroll labeled QATEKHIXEAR for 33 gold pieces
  6943 | D:9      | Noticed Gastronok
  6951 | D:9      | Killed Gastronok
  6951 | D:9      | Reached *** piety under Okawaru
  6951 | D:9      | Reached skill level 11 in Unarmed Combat
  7015 | D:9      | Found a staircase to the Lair.
  7019 | Lair:1   | Entered Level 1 of the Lair of Beasts
  7121 | Lair:1   | Noticed a black mamba
  7131 | Lair:1   | Killed a black mamba
  7131 | Lair:1   | Reached **** piety under Okawaru
  7399 | Lair:1   | Reached skill level 12 in Unarmed Combat
  7526 | Lair:1   | Noticed a spiny frog
  7535 | Lair:1   | Killed a spiny frog
  7535 | Lair:1   | Reached XP level 11. HP: 64/89 MP: 13/13
  7898 | Lair:1   | Learned a level 5 spell: Blade Hands
  8080 | Lair:2   | HP: 2/89 [porcupine's spines (11)]
  8330 | Lair:2   | Reached ***** piety under Okawaru
  8941 | D:9      | Noticed Erolcha
  8953 | D:9      | Killed Erolcha
  8982 | D:9      | Gained mutation: You occasionally shout uncontrollably at your foes. [mutagenic glow]
  9008 | D:9      | Gained mutation: Your spells are a little easier to cast, but a little less powerful. [mutagenic glow]
  9036 | D:9      | Gained mutation: Your spells are easier to cast, but less powerful. [mutagenic glow]
  9238 | D:10     | Entered Level 10 of the Dungeon
  9285 | D:10     | Reached skill level 13 in Unarmed Combat
  9408 | D:10     | Noticed Erica
  9415 | D:10     | Killed Erica
  9664 | D:10     | Noticed araganzar's ghost (journeyman DsSu)
  9676 | D:10     | Killed araganzar's ghost
  9844 | D:10     | Found a portal to a secret trove of treasure.
 10210 | D:10     | Received a gift from Okawaru
 10499 | D:11     | Reached XP level 12. HP: 97/97 MP: 6/14
 10627 | D:11     | Reached skill level 14 in Unarmed Combat
 10791 | D:11     | Gained mutation: You are partially covered in rugged brown scales. (AC +1, +3% HP) [mutagenic meat]
 10843 | D:11     | Noticed Grum
 10860 | D:11     | Killed Grum
 11157 | D:11     | Reached ****** piety under Okawaru
 11317 | D:11     | Noticed Nergalle
 11334 | D:11     | Killed Nergalle
 11501 | D:11     | Found a sacrificial altar of Ru.
 12003 | Lair:2   | Received a gift from Okawaru
 12661 | Lair:2   | Reached skill level 15 in Unarmed Combat
 12666 | Lair:2   | Got a brightly glowing jade ring
 12668 | Lair:2   | Reached XP level 13. HP: 105/107 MP: 14/19
 12670 | Lair:2   | Identified the ring "Dusuirph" {Fire *Drain rPois rN+ Dex+2} (You found it on level 2 of the Lair of Beasts)
 12695 | Lair:2   | Found a staircase to the Swamp.
 12737 | Lair:3   | Found a hole to the Spider Nest.
 12758 | Lair:3   | Learned a level 4 spell: Petrify
 12763 | Lair:3   | Learned a level 4 spell: Ice Form
 12765 | Lair:3   | Learned a level 1 spell: Confusing Touch
 13960 | Lair:4   | Reached XP level 14. HP: 69/114 MP: 20/20
 14549 | Lair:5   | Noticed Urug
 14562 | Lair:5   | HP: 4/114 [Urug/javelin (14)]
 14942 | Lair:5   | Identified a scroll of acquirement
 15064 | Lair:5   | Killed Urug
 15553 | Lair:5   | Reached skill level 10 in Dodging
 15570 | Lair:6   | Entered Level 6 of the Lair of Beasts
 15751 | Lair:5   | Received a gift from Okawaru
 15751 | Lair:5   | Reached skill level 1 in Fighting
 15757 | Lair:5   | Reached skill level 1 in Throwing
 15844 | Lair:5   | Reached skill level 16 in Unarmed Combat
 16384 | D:12     | Found a staircase to the Orcish Mines.
 17154 | Orc:1    | Entered Level 1 of the Orcish Mines
 17294 | Orc:2    | Entered Level 2 of the Orcish Mines
 17294 | Orc:2    | Found Mosaoram's Distillery.
 17300 | Orc:2    | Bought a potion of heal wounds for 60 gold pieces
 17300 | Orc:2    | Bought a potion of curing for 36 gold pieces
 17300 | Orc:2    | Bought a potion of curing for 36 gold pieces
 17363 | Orc:2    | Found a staircase to the Elven Halls.
 17907 | Orc:2    | Noticed an orc warlord
 17983 | Orc:2    | Killed an orc warlord
 18665 | Orc:2    | Found Nelynk's Antique Weapon Shop.
 18665 | Orc:2    | Found Asir Fugi's Assorted Antiques.
 18677 | Orc:2    | Found Goipetax's Weapon Shop.
 18677 | Orc:2    | Found Hen Gide's Book Boutique.
 18731 | Orc:2    | Bought a silver ring for 105 gold pieces
 18731 | Orc:2    | Bought a glistering book for 315 gold pieces
 18731 | Orc:2    | Identified Sif Muna's Second Course in Witchcraft (You bought it in a shop on level 2 of the Orcish Mines)
 18908 | Orc:1    | Noticed cheese's ghost (journeyman HOMo)
 19101 | Orc:1    | Killed cheese's ghost
 19101 | Orc:1    | Reached skill level 1 in Earth Magic
 19291 | Elf:1    | Entered Level 1 of the Elven Halls
 19291 | Elf:1    | Found Vimuw's Antique Weapon Shoppe.
 19323 | Elf:1    | Found a runed door.
 19402 | Elf:1    | Received a gift from Okawaru
 20264 | D:13     | Found a gate to the Vaults.
 20276 | D:13     | Reached XP level 15. HP: 113/133 MP: 16/21
 20519 | D:13     | Reached skill level 17 in Unarmed Combat
 20863 | Spider:1 | Entered Level 1 of the Spider Nest
 20969 | Lair:6   | Received a gift from Okawaru
 20980 | Lair:6   | Got an encrusted demon trident {god gift}
 20981 | Lair:6   | Identified the +1 demon trident of Kinubbun {vamp, Str+5} (Okawaru gifted it to you on level 6 of the Lair of Beasts)
 21540 | Lair:6   | Gained mutation: You have an increased reservoir of magic. (+10% MP) [potion of mutation]
 22155 | Lair:6   | Received a gift from Okawaru
 22301 | Lair:6   | Gained mutation: You expend magic power (3 MP) to strengthen your wands. [potion of mutation]
 23253 | Lair:6   | Found a staircase to the Slime Pits.
 23451 | Slime:1  | Entered Level 1 of the Pits of Slime
 23613 | Swamp:1  | Entered Level 1 of the Swamp
 23650 | Swamp:1  | Reached skill level 5 in Fighting
 23655 | Swamp:1  | Reached skill level 1 in Invocations
 23743 | Swamp:1  | Noticed Donald
 23781 | Swamp:1  | Killed Donald
 23781 | Swamp:1  | Reached skill level 5 in Spellcasting
 24156 | Swamp:1  | Received a gift from Okawaru
 24163 | Swamp:1  | Reached skill level 1 in Translocations
 24301 | Swamp:1  | Reached skill level 1 in Ice Magic
 24428 | Swamp:1  | Reached skill level 1 in Hexes
 25338 | Swamp:3  | Noticed a thorn hunter
 25861 | Swamp:2  | Reached XP level 16. HP: 148/148 MP: 20/25
 25997 | Swamp:2  | Received a gift from Okawaru
 26261 | Swamp:3  | Killed a thorn hunter
 26630 | Swamp:3  | Reached skill level 18 in Unarmed Combat
 27078 | Swamp:4  | Entered Level 4 of the Swamp
 27155 | Swamp:4  | Got a creamy pearl robe
 27156 | Swamp:4  | Identified the cursed +1 robe of Gravity {rN+} (You found it on level 4 of the Swamp)
 27647 | Swamp:4  | Noticed a tentacled monstrosity
 27647 | Swamp:4  | Received a gift from Okawaru
 27654 | Swamp:4  | HP: 9/225 [tentacled monstrosity (7)]
 27654 | Swamp:4  | HP: 3/225 [green death/bolt of poison (4)]
 27655 | Swamp:4  | Slain by a tentacled monstrosity

Skill      XL: |  1  2  3  4  5  6  7  8  9 10 11 12 13 14 15 16 |
---------------+-------------------------------------------------+-----
Dodging        | 2 3 4 5 6 7 8 9 10 11 | 11.1
Unarmed Combat | 4 5 7 9 10 12 13 15 16 17 18 | 18.2
Transmutations | 2 3 4 5 6 7 8 9 |  9.1
Spellcasting   | 2 4 5 |  5.7
Fighting       | 3 5 6 |  6.3
Throwing       | 3 |  3.3
Earth Magic    | 2 4 |  4.7
Invocations    | 2 4 |  4.2
Translocations | 1 |  1.0
Ice Magic      | 1 |  1.0
Hexes          | 1 2 |  2.9

Action                   |  1- 3 |  4- 6 |  7- 9 | 10-12 | 13-15 | 16-18 || total
-------------------------+-------+-------+-------+-------+-------+-------++-------
Melee: Unarmed           |    83 |   198 |   337 |   710 |  1294 |   217 ||  2839
       Punch             |       |     4 |     7 |    38 |    86 |    18 ||   153
       Headbutt          |       |     2 |     2 |    32 |    33 |    12 ||    81
       Kick              |       |       |    19 |   124 |   324 |    43 ||   510
Throw: Large rock        |       |       |       |       |     9 |     1 ||    10
 Cast: Beastly Appendage |       |     2 |     4 |    21 |    25 |     4 ||    56
       Spider Form       |       |       |     3 |    12 |     1 |       ||    16
       Blade Hands       |       |       |       |     4 |    47 |     6 ||    57
       Ice Form          |       |       |       |       |    10 |     7 ||    17
       Confusing Touch   |       |       |       |       |     8 |     1 ||     9
       Petrify           |       |       |       |       |    22 |     2 ||    24
Invok: Heroism           |       |       |       |     2 |     2 |     1 ||     5
Evoke: Wand              |       |       |     3 |    26 |     5 |       ||    34
  Use: Scroll            |       |     9 |     6 |    13 |    16 |     4 ||    48
       Potion            |       |     2 |     4 |    10 |    23 |     8 ||    47
 Stab: Sleeping          |       |       |     5 |     5 |     4 |       ||    14
       Confused          |       |       |     1 |       |     2 |     2 ||     5
       Distracted        |       |       |       |       |     3 |       ||     3
       Invisible         |       |       |       |       |     1 |       ||     1
       Petrified         |       |       |       |       |    11 |       ||    11
       Petrifying        |       |       |       |       |     5 |     1 ||     6
  Eat: Chunk             |    12 |    13 |    43 |    68 |   139 |    13 ||   288
       Royal jelly       |       |       |       |       |     1 |     1 ||     2
       Pizza             |       |       |       |       |     2 |       ||     2
       Beef jerky        |       |       |       |       |     2 |       ||     2
       Bread ration      |       |       |       |       |       |     1 ||     1
Armor: Robe              |    30 |    61 |    63 |    91 |   167 |    26 ||   438
       Skin              |       |       |     5 |       |    14 |    43 ||    62
       Animal skin       |       |       |       |    18 |       |       ||    18
Dodge: Dodged            |    58 |    98 |   137 |   365 |   503 |    98 ||  1259
Block: Other             |       |       |     3 |   260 |   290 |    52 ||   605
       Reflection        |       |       |       |     5 |     6 |       ||    11
